 Dungeon Crawl Stone Soup version 0.28.0-1-gb440e238dd (webtiles) character file.

Game seed: 13585370166357449232

4314 pkoi the Grappler (level 10, 0/81 HPs)
             Began as a Yellow Draconian Monk on Feb 25, 2022.
             Was a Priest of Okawaru.
             Slain by a warg (6 damage)
             ... on level 10 of the Dungeon.
             The game lasted 00:21:31 (13478 turns).

pkoi the Grappler (Yellow Draconian Monk)          Turns: 13478, Time: 00:21:32

Health: 0/81       AC: 10    Str: 14    XL:     10   Next: 11%
Magic:  16/16      EV:  7    Int: 21    God:    Okawaru [***...]
Gold:   542        SH:  0    Dex: 13    Spells: 14/17 levels left

rFire   . . .      SeeInvis .     - Unarmed
rCold   . . .      Faith    .   (no shield)
rNeg    . . .      Spirit   .   (armour unavailable)
rPois   .          Reflect  .   (helmet restricted)
rElec   .          Harm     .   (no cloak)
rCorr   +          Rampage  .   i - +0 pair of gloves
Will    .....                   m - +1 pair of boots
Stlth   ++........              (no amulet)
HPRegen 0.23/turn               u - +6 ring of intelligence
MPRegen 0.15/turn               (no ring)

@: about to teleport, held
A: spit acid, AC +7, unfitting armour, cold-blooded, acid resistance
a: Breathe Acid, Renounce Religion, Heroism


You were on level 10 of the Dungeon.
You worshipped Okawaru.
Okawaru was most pleased with you.
You visited 2 branches of the dungeon, and saw 11 of its levels.
You also visited: Ossuary and Bailey.

You collected 542 gold pieces.

Inventory:

Hand Weapons
 a - a +1 short sword of electrocution
 p - a +2 dagger of venom
Missiles
 f - a throwing net
 r - 8 poisoned darts (quivered)
Armour
 i - a +0 pair of gloves (worn)
 m - a +1 pair of boots (worn)
Jewellery
 u - a +6 ring of intelligence (left hand)
Wands
 b - a wand of paralysis (11)
 j - a wand of iceblast (8)
 s - a wand of polymorph (3)
Scrolls
 c - 4 scrolls of magic mapping
 e - 3 scrolls of identify
 h - a scroll of blinking
Potions
 d - a potion of curing
 g - 2 potions of heal wounds
 k - 2 potions of brilliance
 l - a potion of resistance
 n - 3 potions of attraction
 q - 2 potions of might
 t - a potion of magic
 w - a potion of flight


   Skills:
 + Level 5.1 Fighting
 + Level 4.0 Dodging
 - Level 1.7 Stealth
 * Level 11.7 Unarmed Combat
 - Level 4.0 Spellcasting
 + Level 5.6 Transmutations
 + Level 2.9 Invocations


You had 14 spell levels left.
You knew the following spells:

 Your Spells              Type           Power      Damage    Failure   Level
a - Beastly Appendage     Tmut           54%        N/A       1%          1
b - Wereblood             Tmut           27%        N/A       1%          2

Your spell library contained the following spells:

 Spells                   Type           Power      Damage    Failure   Level
 Passwall                 Tmut/Erth      13%        N/A       6%          2
 Sandblast                Erth           8%         2d5       12%         1
 Spider Form              Tmut/Pois      16%        N/A       12%         3
 Corpse Rot               Necr/Air       8%         N/A       19%         2
 Ensorcelled Hibernation  Hex/Ice        8%         N/A       19%         2
 Scorch                   Fire           8%         2d5       19%         2
 Inner Flame              Hex/Fire       4%         N/A       34%         3
 Stone Arrow              Conj/Erth      8%         3d7       34%         3
 Swiftness                Air            4%         N/A       34%         3
 Cause Fear               Hex            2%         N/A       75%         4
 Dispel Undead            Necr           4%         3d7       75%         4
 Flame Wave               Conj/Fire      4%         2d5       75%         4
 Discord                  Hex            2%         N/A       100%        8
 Death Channel            Necr           Unusable   N/A       N/A         6
 Summon Cactus Giant      Summ           Unusable   N/A       N/A         6

Dungeon Overview and Level Annotations

Branches:
Dungeon (10/15)            Temple (1/1) D:7         Ossuary (visited)
 Bailey (visited)
   Lair: D:8-11         Orc: D:9-12

Altars:
Ashenzari
Cheibriados
Dithmenos
Elyvilon
Fedhas
Gozag
Hepliaklqana
Kikubaaqudgha
Makhleb
Nemelex Xobeh
Okawaru
Qazlal
Ru
Sif Muna
Trog
Uskayaw
Vehumet
Wu Jian
Xom
Yredelemnul
Zin
The Shining One

Annotations:
D:10 Harold


Innate Abilities, Weirdness & Mutations

You can spit globs of acid.
Your golden yellow scales are hard. (AC +7)
You cannot fit into any form of body armour.
You are cold-blooded and may be slowed by cold attacks.
You are resistant to acid. (rCorr)


Message History

Things that are here:
a +0 war axe; an orc corpse You feel very sick.
You hear some strange, mumbled words.
A puff of flame appears from out of thin air!
The puff of flame hits you.
* * * LOW HITPOINT WARNING * * *
Harold zaps a wand.
The bolt of acid hits you! You resist.
* * * LOW HITPOINT WARNING * * *
You howl as the wereblood boils in your veins!
Your primal bloodlust is almost over.
You feel sick.
You feel sick.
You howl as the wereblood boils in your veins!
You feel sick.
There is a stone staircase leading up here.
You have got your breath back.
You feel sick. Harold fires a harpoon shot at you. The harpoon shot hits you.
* * * LOW HITPOINT WARNING * * *
You stop ascending the stairs.
You are yanked forward by the harpoon shot.
You feel sick.
You feel better. Harold barely misses you.
Your primal bloodlust has ended.
The warg pauses to sniff the ground.
Harold fires a harpoon shot at you. The harpoon shot hits you!
* * * LOW HITPOINT WARNING * * *
You are yanked forward by the harpoon shot.
Harold throws a throwing net.
The throwing net hits you.
You become entangled in the net!
There is a stone staircase leading up here.
You see here a throwing net.
You struggle against the net.
As you read the scroll of teleportation, it crumbles to dust.
You feel strangely unstable. The warg barely misses you.
Harold barely misses you. The warg bites you.
You die...

.... #.### .###
.....#... ...#
......gg## ##.#.#
.....gggh# .....#
o.P...##)# .....#
.h...###g###....#
.... #.....g....#
..#
####.#@....#... .
#......h@....#
.....#............
###. #......####.#
.. #.#....# ..
#.#....# .
..#....# .###....#
#....#


You could see Harold, a warg and 2 gnolls.

Vanquished Creatures
  2 hornets
  A troll (D:9)
  Prince Ribbit (D:5)
  Sigmund (D:6)
  A shadow (D:9)
  A steam dragon (D:8)
  Edmund (D:6)
  2 wargs (D:10)
  A water moccasin (D:5)
  An orc warrior (D:8)
  An ogre (D:6)
  2 centaurs (D:8)
  A phantom (D:5)
  2 kobold brigands
  Blork the orc (D:6)
  3 water moccasin zombies (Ossuary)
  A gnoll sergeant (D:10)
  3 scorpions
  7 killer bees (D:9)
  A howler monkey (D:6)
  11 wights
  A bullfrog zombie (D:7)
  3 jellies
  A hound (D:4)
  4 orc priests
  Jessica (D:3)
  A centaur skeleton (D:5)
  2 iguanas
  Terence (D:3)
  6 orc wizards
  A killer bee zombie (D:7)
  2 mummies (Ossuary)
  Robin (D:4)
  2 gnolls
  6 adders
  A white imp (D:7)
  2 adder zombies (Ossuary)
  4 adder skeletons
  A worm (D:4)
  21 orcs
  3 endoplasms
  3 giant cockroaches
  7 gnoll zombies (Ossuary)
  9 hobgoblins
  4 jackals (D:5)
  2 quokkas
  5 ball pythons
  3 bats
  4 frilled lizards (D:1)
  13 goblins
  6 hobgoblin zombies (Ossuary)
  11 kobolds
  5 kobold zombies (Ossuary)
  5 orc zombies (Ossuary)
  6 rats
192 creatures vanquished.

Vanquished Creatures (others)
  A wizard (D:7)
  An adder (D:2)
  2 plants (D:1)
4 creatures vanquished.

Grand Total: 196 creatures vanquished

Notes
Turn   | Place    | Note
-------+----------+-------------------------------------------
     0 | D:1      | pkoi the Draconian Monk began the quest for the Orb.
     0 | D:1      | Reached XP level 1. HP: 19/19 MP: 1/1
   608 | D:1      | Reached XP level 2. HP: 26/26 MP: 2/2
  1299 | D:2      | Reached XP level 3. HP: 33/33 MP: 3/3
  1534 | D:2      | Found a glowing golden altar of the Shining One.
  2160 | D:3      | Noticed Jessica
  2165 | D:3      | Killed Jessica
  2166 | D:3      | Reached skill level 4 in Unarmed Combat
  2166 | D:3      | Reached XP level 4. HP: 40/40 MP: 4/4
  2260 | D:3      | Noticed Terence
  2265 | D:3      | Killed Terence
  2275 | D:3      | Found a faded altar of an unknown god.
  2541 | D:3      | Reached skill level 5 in Unarmed Combat
  2541 | D:3      | Reached XP level 5. HP: 12/46 MP: 5/5
  3461 | D:4      | Found a sand-covered staircase.
  3470 | Ossuary  | Entered an ossuary
  3551 | Ossuary  | Reached skill level 6 in Unarmed Combat
  3823 | Ossuary  | Reached XP level 6. HP: 51/52 MP: 6/6
  4595 | D:4      | Reached skill level 7 in Unarmed Combat
  4646 | D:4      | Noticed Robin
  4697 | D:4      | Killed Robin
  5149 | D:5      | Entered Level 5 of the Dungeon
  5398 | D:5      | Your scales start taking on a golden yellow colour.
  5398 | D:5      | Reached XP level 7. HP: 49/59 MP: 7/7
  5398 | D:5      | Gained mutation: You are resistant to acid. (rCorr) [Yellow
                  | Draconian growth]
  5401 | D:5      | Reached skill level 8 in Unarmed Combat
  5474 | D:5      | Learned a level 1 spell: Beastly Appendage
  5477 | D:5      | Learned a level 2 spell: Wereblood
  5535 | D:5      | Reached skill level 1 in Transmutations
  5704 | D:5      | Reached skill level 1 in Spellcasting
  5851 | D:5      | Noticed Prince Ribbit
  5870 | D:5      | Killed Prince Ribbit
  5871 | D:5      | Reached skill level 9 in Unarmed Combat
  5871 | D:5      | Reached XP level 8. HP: 13/66 MP: 8/10
  6389 | D:6      | Noticed a boulder beetle
  6428 | D:6      | Noticed Sigmund
  6434 | D:6      | Killed Sigmund
  6437 | D:6      | Noticed a hornet
  6447 | D:6      | Killed a hornet
  6772 | D:5      | Reached skill level 10 in Unarmed Combat
  7418 | D:6      | Noticed Edmund
  7432 | D:6      | Killed Edmund
  7528 | D:6      | Reached XP level 9. HP: 70/71 MP: 14/14
  7687 | D:6      | Noticed Blork the orc
  7695 | D:6      | Killed Blork the orc
  8485 | D:7      | Found a flagged portal.
  8543 | D:7      | Found a bloodstained altar of Trog.
  8566 | Bailey   | Entered a bailey
  8777 | Bailey   | Noticed an orc knight
  9557 | D:7      | Noticed a wizard
  9559 | D:7      | Killed a wizard
  9622 | D:7      | Found a staircase to the Ecumenical Temple.
  9665 | Temple   | Entered the Ecumenical Temple
  9980 | Temple   | Became a worshipper of Warmaster Okawaru
  9980 | Temple   | Reached * piety under Okawaru
  9980 | Temple   | Reached ** piety under Okawaru
 10633 | D:8      | Reached skill level 11 in Unarmed Combat
 12011 | D:9      | Paralysed by a hornet for 2 turns
 12020 | D:9      | Reached skill level 5 in Transmutations
 12020 | D:9      | Reached skill level 1 in Invocations
 12941 | D:9      | Noticed a troll
 12949 | D:9      | Killed a troll
 13060 | D:9      | Reached *** piety under Okawaru
 13061 | D:9      | Reached skill level 5 in Fighting
 13061 | D:9      | Reached XP level 10. HP: 67/81 MP: 13/16
 13419 | D:10     | Entered Level 10 of the Dungeon
 13453 | D:10     | Noticed Harold
 13478 | D:10     | Slain by a warg

Illustrated notes

Levels and vault maps discovered:
D:1:      lightli_arrival_statuegarden, layout_loops_ring, minivault_14
D:2:      layout_loops_cross, basic_altar, lemuel_old_faithful
D:3:      layout_basic, hellmonk_ecumenical_altar_crossroads,
          kennysheep_jessica_study, uniq_terence
D:4:      layout_loops_ring, lightli_ossuary_entry_decrepit_ruins, uniq_robin
D:5:      layout_basic, uniq_prince_ribbit1
D:6:      layout_loops_ring, uniq_sigmund, uniq_edmund, uniq_blork_the_orc
D:7:      layout_basic, trog_wizard, temple_hall, enter_bailey_2
D:8:      layout_layer_cave
D:9:      layout_stronghold
D:10:     layout_basic, erik_lair_orcish_takeover, minmay_misc_feat_roman,
          uniq_harold
Temple:   mainiacjoe_temple_circle_huts

Skill      XL: |  1  2  3  4  5  6  7  8  9 10 |
---------------+-------------------------------+-----
Dodging        | 3 4 |  4.0
Fighting       | 4 5 |  5.1
Unarmed Combat | 4 5 6 7 9 10 11 | 11.7
Transmutations | 1 3 5 |  5.6
Spellcasting   | 1 3 4 |  4.0
Invocations    | 2 |  2.9
Stealth        | |  1.7

Action                   |  1- 3 |  4- 6 |  7- 9 | 10-12 || total
-------------------------+-------+-------+-------+-------++-------
Melee: Short sword       |    93 |    52 |       |       ||   145
       Tailslap          |    19 |    40 |    52 |     5 ||   116
       Punch             |     1 |    16 |    15 |       ||    32
       Unarmed           |       |   238 |   310 |    24 ||   572
       Kick              |       |       |    41 |     6 ||    47
       Headbutt          |       |       |    34 |     2 ||    36
 Cast: Beastly Appendage |       |       |    23 |     1 ||    24
       Wereblood         |       |       |    23 |     1 ||    24
Invok: Heroism           |       |       |     3 |       ||     3
 Abil: Breathe Acid      |       |       |    10 |     1 ||    11
Evoke: Wand              |       |       |     6 |       ||     6
  Use: Scroll            |     6 |       |    13 |     2 ||    21
       Potion            |       |     4 |       |     1 ||     5
 Stab: Sleeping          |     5 |     2 |     3 |       ||    10
       Paralysed         |       |       |    10 |       ||    10
Armor: Skin              |    16 |    84 |    83 |    15 ||   198
Dodge: Dodged            |    64 |   152 |   186 |    18 ||   420
